 Dungeon Crawl Stone Soup version 0.31-a0-986-g5e6e4ef867 (webtiles) character file.

Game seed: 13426791892847891353

256 sammy202020 the Ruffian (level 5, -18/41 HPs)
             Began as a Demonspawn Shapeshifter on Nov 10, 2023.
             Demolished by an ogre
             ... wielding a +0 giant club
              (26 damage)
             ... on level 4 of the Dungeon.
             The game lasted 00:03:31 (3025 turns).

sammy202020 the Ruffian (Demonspawn Shapeshifter)   Turns: 3025, Time: 00:03:32

Health: -18/41     AC: 10    Str: 16    XL:     5   Next: 92%
Magic:  5/5        EV: 10    Int: 12    God:
Gold:   179        SH:  0    Dex: 12    Spells: 4/4 levels left

rFire   . .          .
                       - Unarmed
rCold   . . .        (no shield)
rNeg    . . .        g - +1 scale mail
rPois   .            (helmet currently unavailable)
rElec   .            (cloak currently unavailable)
rCorr   .            (gloves currently unavailable)
SInv    .            (boots currently unavailable)
Will    .....        (no amulet) Stlth
                     (no ring)
HPRegen 0.26/turn    (no ring)
MPRegen 0.09/turn

%: no passive effects
@: beast-form
A: beast (slay +2), claws 1, icy blue scales 2, foul stench 1
a: Begin Untransformation


You were on level 4 of the Dungeon.
You were a hulking beast.
You visited 1 branch of the dungeon, and saw 4 of its levels.

You collected 179 gold pieces.

Inventory:

Missiles
 h - 2 javelins
 i - 2 throwing nets
 k - 2 poisoned darts (quivered)
Armour
 g - a +1 scale mail (worn)
Talismans
 c - a beast talisman
 d - a flux talisman
Wands
 e - a wand of quicksilver (21)
 o - a wand of flame (12)
Scrolls
 n - a scroll of poison
 q - a scroll of fear
 s - a scroll of identify
Potions
 a - a potion of curing
 b - 3 potions of lignification
 f - a potion of berserk rage {unknown}
 l - a potion of might {unknown}


   Skills:
 * Level 3.0 Fighting
 + Level 1.6 Armour
 + Level 2.4 Dodging
 * Level 3.7 Unarmed Combat
 * Level 3.6 Shapeshifting


You had 4 spell levels left.
You didn't know any spells.
Your spell library contained the following spells:

 Spells                   Type           Power      Damage    Failure   Level
 Apportation              Tloc           0%         N/A       77%         1
 Necrotise                Necr           0%         1d4       77%         1
 Summon Small Mammal      Summ           0%         N/A       77%         1
 Static Discharge         Conj/Air       0%         3-3/arc   88%         2
 Airstrike                Air            0%         2d(0-16)  100%        4
 Summon Lightning Spire   Summ/Air       0%         N/A       100%        4


Dungeon Overview and Level Annotations

Branches:
Dungeon (4/15)
 Temple: D:4-7

Altars:
Fedhas
Xom


Innate Abilities, Weirdness & Mutations

You are a hulking beast.
Your limbs bulge with bestial killing power. (Slay +2)
You have sharp fingernails.
You are mostly covered in icy blue scales. (AC +3)
You may rarely emit foul miasma when damaged in melee.


Message History

You are too injured to fight recklessly!
You are too injured to fight recklessly!
You are too injured to fight recklessly!
You are too injured to fight recklessly!
You are too injured to fight recklessly!
You are too injured to fight recklessly!
You are too injured to fight recklessly!
You are too injured to fight recklessly!
You are too injured to fight recklessly!
You are too injured to fight recklessly!
You are too injured to fight recklessly!
You are too injured to fight recklessly!
You are too injured to fight recklessly!
You are too injured to fight recklessly!
You are too injured to fight recklessly!
You are too injured to fight recklessly!
The black bear is engulfed in dark miasma.
The black bear is poisoned.
The black bear goes berserk!
The black bear is engulfed in dark miasma.
The black bear looks even sicker.
You kill the black bear!
Your Fighting skill increases to level 3!
You see here a giant cockroach corpse.
The ogre attacks as it pursues you! The ogre hits you with a +0 giant club!
* * * LOW HITPOINT WARNING * * *
You scratch the ogre.
The ogre is lightly wounded.
You scratch the ogre.
The ogre is lightly wounded.
The ogre barely misses you.
You feel better.
You scratch the ogre.
The ogre is moderately wounded.
The ogre hits you with a +0 giant club!
* * * LOW HITPOINT WARNING * * *
You claw the ogre!
The ogre is severely wounded.
The ogre hits you with a +0 giant club!!
Ouch! That really hurt!
You die...

#.. ##..### .
.....# ..##..#.#
....... #...s#
#.#$.# ###
#.##.#..######.....
#........sOh...#
####.#..########
#.#..# #######.#..#
...........#
###.#.#.###.....
#.##..###.###.
#............
####.########


You could see an ogre and a scorpion.

Vanquished Creatures
  A black bear (D:4)
  2 hounds (D:3)
  Ijyb (D:3)
  An adder (D:2)
  2 worms (D:2)
  3 dart slugs
  An orc (D:3)
  7 ball pythons
  6 endoplasms
  2 giant cockroaches
  8 goblins
  5 hobgoblins
  2 quokkas
  5 bats
  4 frilled lizards
  6 kobolds
  8 rats
64 creatures vanquished.

Vanquished Creatures (others)
  5 dream sheep (D:3)
5 creatures vanquished.

Grand Total: 69 creatures vanquished

Notes
Turn   | Place    | Note
-------+----------+-------------------------------------------
     0 | D:1      | sammy202020 the Demonspawn Shapeshifter began the quest for
                  | the Orb.
     0 | D:1      | Reached XP level 1. HP: 15/15 MP: 1/1
   175 | D:1      | Gained mutation: You have sharp fingernails. [demonic
                  | ancestry]
   175 | D:1      | Reached XP level 2. HP: 21/21 MP: 2/2
   610 | D:1      | Gained mutation: You may rarely emit foul miasma when
                  | damaged in melee. [demonic ancestry]
   610 | D:1      | Reached XP level 3. HP: 25/25 MP: 3/3
  1268 | D:2      | Reached skill level 1 in Armour
  1367 | D:2      | Gained mutation: You are partially covered in icy blue
                  | scales. (AC +2) [demonic ancestry]
  1367 | D:2      | Reached XP level 4. HP: 33/33 MP: 4/4
  1478 | D:2      | Found a faded altar of an unknown god.
  1561 | D:3      | Noticed Ijyb
  1573 | D:3      | HP: 1/33 [Ijyb/bolt of dispelling energy (14)]
  1574 | D:3      | Killed Ijyb
  2105 | D:3      | Noticed a dream sheep
  2105 | D:3      | Noticed a dream sheep
  2105 | D:3      | Noticed a dream sheep
  2105 | D:3      | Noticed a dream sheep
  2105 | D:3      | Noticed a dream sheep
  2105 | D:3      | Found a shimmering altar of Xom.
  2109 | D:3      | Killed a dream sheep
  2109 | D:3      | Killed a dream sheep
  2109 | D:3      | Killed a dream sheep
  2109 | D:3      | Killed a dream sheep
  2109 | D:3      | Killed a dream sheep
  2584 | D:3      | Found a blossoming altar of Fedhas.
  2602 | D:3      | Gained mutation: You are mostly covered in icy blue scales.
                  | (AC +3) [demonic ancestry]
  2602 | D:3      | Reached XP level 5. HP: 36/39 MP: 5/5
  2853 | D:3      | You fall into a shaft and drop 1 floor!
  3007 | D:4      | Noticed an ogre
  3010 | D:4      | Noticed a black bear
  3018 | D:4      | Killed a black bear
  3025 | D:4      | Demolished by an ogre

Illustrated notes

Levels and vault maps discovered:
D:1:      dreamdust_arrival_beginning_and_end, layout_loops_cross,
          minmay_bisected
D:2:      layout_loops_ring, shapermc_ecumenical_altar_petra
D:3:      layout_loops_cross, kb_xom_exploding_sheep,
          nicolae_overflow_crystal_walls, uniq_ijyb
D:4:      layout_loops_ring

Skill      XL: |  1  2  3  4  5 |
---------------+----------------+-----
Unarmed Combat | 3 |  3.7
Shapeshifting  | 3 |  3.6
Dodging        | 2 |  2.4
Fighting       | 2 3 |  3.0
Armour         | 1 |  1.6

Action                     |  1- 3 |  4- 6 || total
---------------------------+-------+-------++-------
  Melee: Unarmed           |   135 |    61 ||   196
         Punch             |     1 |     3 ||     4
    Use: Scroll            |     4 |     6 ||    10
         Potion            |       |     2 ||     2
 Armour: Scale mail        |    79 |    52 ||   131
         Animal skin       |     1 |       ||     1
  Dodge: Dodged            |    57 |    40 ||    97

Table legend: (Time is in decaauts)
 A = Elapsed time spent in this place.
 B = Non-inter-level travel time spent in this place.
 C = Inter-level travel time spent in this place.
 D = Time resting spent in this place.
 E = Time spent auto-exploring this place.
 F = Levels seen in this place.
 G = Mean time per level.
                   A        B        C        D        E       F      G
               +--------+--------+--------+--------+--------+-----+--------+
         Total |   3013 |   2950 |     63 |    905 |   1560 |   4 |  753.2 |
       Dungeon |   3013 |   2950 |     63 |    905 |   1560 |   4 |  753.2 |
               +--------+--------+--------+--------+--------+-----+--------+

Top non-repeatable levels by time:
     D:3: 1398 daAuts
     D:2: 856 daAuts
     D:1: 694 daAuts
     D:4: 63 daAuts
